 Dungeon Crawl Stone Soup version 0.30-a0-170-g85af917532 (webtiles) character file.

Game seed: 2236424246309218478

54 qw the Chopper (level 3, -1/23 HPs)
             Began as a Gargoyle Fighter on Sept 30, 2022.
             Slain by a gnoll
             ... wielding a +0 club
              (4 damage)
             ... on level 2 of the Dungeon.
             The game lasted 00:00:37 (1803 turns).

qw the Chopper (Gargoyle Fighter)                   Turns: 1803, Time: 00:00:38

Health: -1/23      AC: 10    Str: 21    XL:     3   Next: 91%
Magic:  3/3        EV:  9    Int:  8    God:
Gold:   178        SH:  4    Dex:  9    Spells: 2/2 levels left

rFire   . . .      SeeInvis .    Y - +0 war axe
rCold   . . .      Faith    .    c - +0 buckler
rNeg    + . .      Spirit   .    b - +0 scale mail
rPois   inf        Reflect  .    (no helmet)
rElec   +          Harm     .    (no cloak)
rCorr   .          Rampage  .    (no gloves)
Will    .....                    (no boots)
Stlth   ..........               (no amulet)
HPRegen 0.07/turn                (no ring)
MPRegen 0.08/turn                (no ring)

@: no status effects
A: sickness immunity, AC +3, negative energy resistance 1, electricity
resistance, torment resistance 1, petrification resistance
a: no special abilities


You were on level 2 of the Dungeon.
You visited 1 branch of the dungeon, and saw 2 of its levels.

You collected 178 gold pieces.


Innate Abilities, Weirdness & Mutations

You are immune to sickness and miasma.
Your stone body is resilient. (AC +3)
You are immune to poison.
You resist negative energy. (rN+)
You are resistant to electric shocks. (rElec)
You are resistant to unholy torment.
You are immune to petrification.


   Skills:
 - Level 3.2 Fighting
 + Level 3.7 Axes
 - Level 3.2 Armour
 - Level 3.2 Shields


You had 2 spell levels left.
You didn't know any spells.
Your spell library was empty.

Inventory:

Hand Weapons
 f - a +0 whip
 Y - a +0 war axe (weapon)
Armour
 b - a +0 scale mail (worn)
 c - a +0 buckler (worn)
Scrolls
 a - a scroll of noise {unknown}
 g - a scroll of immolation {unknown}
 h - a scroll of poison {unknown}
 m - a scroll of identify {unknown}
Potions
 d - a potion of might
 e - a potion of cancellation {unknown}
 i - a potion of mutation {unknown}
 j - a potion of invisibility {unknown}
 k - a potion of curing {unknown}
 l - a potion of resistance {unknown}

Dungeon Overview and Level Annotations

Branches:
Dungeon (2/15)

Altars:


Message History

You block the kobold's attack.
You slash the kobold!
You kill the kobold!
You start resting.
HP restored.
Found a stone staircase leading up.
Enter note:
Enter note: A gnoll comes into view. It is wielding a +0 whip.
The gnoll shouts!
You hear a shout!
Enter note: A gnoll comes into view. It is wielding a +0 club.
You closely miss the gnoll. The gnoll closely misses you.
You barely miss the gnoll. The gnoll hits you with a +0 whip.
You barely miss the gnoll. The gnoll hits you with a +0 whip.
The gnoll barely misses you.
You slash the gnoll!
The gnoll is severely wounded.
The gnoll hits you but does no damage.
You hit the gnoll.
You kill the gnoll!
The gnoll hits you with a +0 club.
You completely miss the gnoll. The gnoll closely misses you.
You closely miss the gnoll. The gnoll hits you with a +0 club.
You barely miss the gnoll. The gnoll hits you with a +0 club. x2
You hit the gnoll.
The gnoll is heavily wounded.
The gnoll hits you with a +0 club.
You hit the gnoll.
The gnoll is severely wounded.
The gnoll closely misses you. The gnoll misses you.
You barely miss the gnoll.
The gnoll is severely wounded.
The gnoll hits you with a +0 club.
You die...

#.#<#.#.#...#.# #.#.
#.###.#.#...#.######.#.
#. .#.#)..#.....<#.#.
#######.#...###....#.#.
.....................#.
#######.#.#####....###.
#......#.)............
#.####################
#....@g......
#############


You could see a gnoll.

Vanquished Creatures
  A gnoll (D:2)
  2 worms (D:2)
  2 dart slugs
  4 bats
  2 endoplasms
  2 giant cockroaches
  3 goblins
  5 hobgoblins (D:1)
  3 ball pythons
  2 frilled lizards
  6 kobolds
  3 rats
35 creatures vanquished.

Vanquished Creatures (others)
  3 fungi (D:1)
  3 plants (D:1)
6 creatures vanquished.

Grand Total: 41 creatures vanquished

Notes
Turn   | Place    | Note
-------+----------+-------------------------------------------
     0 | D:1      | qw the Gargoyle Fighter began the quest for the Orb.
     0 | D:1      | Reached XP level 1. HP: 14/14 MP: 1/1
     0 | D:1      | 0 ||| qw: Version: 0.2-a-12-gaebbb33
     0 | D:1      | 0 ||| qw: Game counter: 1556
     0 | D:1      | 0 ||| qw: Always use a shield: true
     0 | D:1      | 0 ||| qw: God list: Okawaru
     0 | D:1      | 0 ||| qw: Allow faded altars: false
     0 | D:1      | 0 ||| qw: Do Orc after D:15 true
     0 | D:1      | 0 ||| qw: Do second Lair branch before Depths: true
     0 | D:1      | 0 ||| qw: Lair rune preference: random
     0 | D:1      | 0 ||| qw: Plans: Normal, Zot:1-4, God:TSO, Crypt, Tomb,
                  | Pan, Slime:5, Hells, Abyss, Orb
     0 | D:1      | 0 ||| PLANNING D:1-11
    64 | D:1      | 64 ||| Stepping ~*~*~tactically~*~*~ (stealth).
   302 | D:1      | Reached XP level 2. HP: 18/19 MP: 2/2
   438 | D:1      | 438 ||| Stepping ~*~*~tactically~*~*~ (stealth).
   871 | D:1      | Reached skill level 3 in Axes
   963 | D:1      | Found a faded altar of an unknown god.
  1004 | D:1      | 1004 ||| DROPPING amulet of magic regeneration.
  1005 | D:1      | 1005 ||| READING scroll labelled PUOGAANEGOA.
  1006 | D:1      | 1006 ||| READING scroll labelled NUDU XUQASCHUW.
  1063 | D:2      | Reached XP level 3. HP: 22/23 MP: 3/3
  1205 | D:2      | 1205 ||| Stepping ~*~*~tactically~*~*~ (hiding).
  1575 | D:2      | 1575 ||| FLEEEEING.
  1576 | D:2      | 1576 ||| FLEEEEING.
  1577 | D:2      | 1577 ||| FLEEEEING.
  1578 | D:2      | 1578 ||| FLEEEEING.
  1579 | D:2      | 1579 ||| FLEEEEING.
  1581 | D:2      | 1581 ||| FLEEEEING.
  1586 | D:2      | 1586 ||| FLEEEEING.
  1587 | D:2      | 1587 ||| FLEEEEING.
  1588 | D:2      | 1588 ||| FLEEEEING.
  1589 | D:2      | 1589 ||| FLEEEEING.
  1590 | D:2      | 1590 ||| FLEEEEING.
  1591 | D:2      | 1591 ||| FLEEEEING.
  1592 | D:2      | 1592 ||| FLEEEEING.
  1800 | D:2      | HP: 4/23 [gnoll/+0 club (4)]
  1803 | D:2      | Slain by a gnoll

Levels and vault maps discovered:
D:1:      beargit_arrival_greenhouse, layout_loops_cross,
          shapermc_ecumenical_altar_hornbeckon, serial_rivers,
          chequers_serial_rivers_marsh, chequers_serial_rivers_micro_a,
          chequers_serial_rivers_micro_b, chequers_serial_rivers_micro_c,
          chequers_serial_rivers_micro_d
D:2:      layout_basic

Skill      XL: |  1  2 |
---------------+-------+-----
Axes           | 2 3 |  3.7
Fighting       | |  3.2
Armour         | |  3.2
Shields        | |  3.2

Action                   || total
-------------------------++-------
Melee: War axe           ||   101
  Use: Scroll            ||     2
Armor: Scale mail        ||    47
Dodge: Dodged            ||    26
Block: Buckler           ||    20

Table legend:
 A = Non-vault XP
 B = Vault XP
 C = Vault XP percentage of total XP
 D = Non-vault monster count
 E = Vault monster count
 F = Vault count percentage of total count
                 A         B        C        D         E       F
            +---------+---------+-------+---------+---------+-------
      Total |      78 |       0 |   0.0 |      35 |       0 |   0.0
            +---------+---------+-------+---------+---------+-------
        D:1 |      32 |       0 |   0.0 |      19 |       0 |   0.0
        D:2 |      46 |       0 |   0.0 |      16 |       0 |   0.0
            +---------+---------+-------+---------+---------+-------
